 Dungeon Sprint DCSS version 0.29-a0-96-g93358da72b (webtiles) character file.

Game seed: 5226751546378810029

1375 cyrus the Protected (level 8, -5/81 HPs)
             Began as a Naga Fighter on Feb 11, 2022.
             Was an Initiate of Hepliaklqana.
             Slain by a boulder beetle (15 damage)
             ... in the Dungeon (Sprint IX: "|||||||||||||||||||||||||||||").
             The game lasted 00:05:11 (1507 turns).

cyrus the Protected (Naga Fighter)                  Turns: 1507, Time: 00:05:12

Health: -5/81      AC: 11    Str: 21    XL:     8   Next: 66%
Magic:  8/8        EV:  5    Int:  8    God:    Hepliaklqana [......]
Gold:   0          SH:  5    Dex: 11    Spells: 7/7 levels left

rFire   . . .      SeeInvis +   o - +2 scimitar (flame)
rCold   . . .      Faith    .   c - +0 buckler
rNeg    . . .      Spirit   .   n - +0 plate armour
rPois   +          Reflect  .   (no helmet)
rElec   .          Harm     .   (no cloak)
rCorr   .          Rampage  .   (no gloves)
Will    +....      NoTele   +   (no barding)
Stlth   ..........              (no amulet)
HPRegen 0.23/turn               (no ring)
MPRegen 0.11/turn               (no ring)

@: very slow
A: AC +2, large, see invisible, deformed body, poison resistance, slowness 2,
spit poison 1, naga tail 1
a: Spit Poison, Renounce Religion


You were in the Dungeon.
You worshipped Hepliaklqana.
Hepliaklqana was noncommittal.
You visited 1 branch

Inventory:

Hand Weapons
 a - a +0 trident
 o - a +2 scimitar of flaming (weapon)
Armour
 b - a +0 scale mail
 c - a +0 buckler (worn)
 d - +0 acid dragon scales
 e - a +0 barding
 n - a +0 plate armour (worn)
Jewellery
 l - a +2 ring of evasion
 m - a +3 ring of dexterity
Wands
 k - a wand of acid (9)
Scrolls
 i - 2 scrolls of amnesia
Potions
 g - a potion of haste
 h - 4 potions of magic


   Skills:
 + Level 8.2 Fighting
 + Level 7.0 Long Blades
 + Level 8.6 Polearms
 + Level 9.4 Armour
 + Level 1.9 Dodging
 + Level 6.7 Stealth
 + Level 5.3 Shields
 + Level 0.5 Evocations


You had 7 spell levels left.
You didn't know any spells.
Your spell library was empty.

Dungeon Overview and Level Annotations

Branches:
Dungeon (1/1)

Altars:
Cheibriados
Dithmenos
Elyvilon
Fedhas
Gozag
Hepliaklqana
Kikubaaqudgha
Makhleb
Nemelex Xobeh
Okawaru
Qazlal
Ru
Sif Muna
Trog
Uskayaw
Vehumet
Wu Jian
Xom
Yredelemnul
Zin
The Shining One
Beogh
Jiyva
Lugonu


Innate Abilities, Weirdness & Mutations

Your serpentine skin is tough. (AC +2)
You have supernaturally acute eyesight. (SInv)
Armour fits poorly on your strangely shaped body.
Your system is resistant to poisons. (rPois)
You cover ground very slowly.
You can spit poison.
You have a snake-like lower body.


Message History

The centaur warrior kicks you but does no damage.
You closely miss the centaur warrior.
The centaur warrior is severely wounded.
The centaur warrior hits you but does no damage.
The centaur warrior kicks you but does no damage.
The centaur warrior hits you!
The centaur warrior kicks you but does no damage.
You slash the centaur warrior! You burn the centaur warrior.
You kill the centaur warrior!
The boulder beetle waves its antennae.
Your Fighting skill increases to level 8!
Your Long Blades skill gained 3 levels and is now at level 7!
Your Armour skill increases to level 9!
Your Stealth skill increases to level 6!
You have reached level 8!
You feel stronger.
You hit the boulder beetle. You burn the boulder beetle.
The boulder beetle is lightly wounded.
You block the boulder beetle's attack.
The komodo dragon hisses menacingly.
The boulder beetle bites you!
* * * LOW HITPOINT WARNING * * *
You hit the boulder beetle. You burn the boulder beetle.
The boulder beetle is lightly wounded.
The boulder beetle bites you but does no damage.
You hit the boulder beetle. You burn the boulder beetle.
The boulder beetle is lightly wounded.
The boulder beetle bites you!
* * * LOW HITPOINT WARNING * * *
You hit the boulder beetle but do no damage.
The boulder beetle is lightly wounded.
The boulder beetle bites you but does no damage.
You hit the boulder beetle but do no damage.
The boulder beetle is lightly wounded.
The komodo dragon hisses menacingly.
You block the boulder beetle's attack.
You hit the boulder beetle but do no damage.
The boulder beetle is lightly wounded.
The boulder beetle bites you!
You die... ▓▓▓▓▓▓▓▓▓▓▓▓▓▓▓▓▓▓▓▓▓▓▓▓▓▓▓▓▓ luWO..'lWuOB@)....[.)..'_____ ▓▓▓▓▓▓▓▓▓▓▓▓▓▓▓▓▓▓▓▓▓▓▓▓▓▓▓▓▓

You could see a boulder beetle, a red ugly thing, a two-headed ogre, a komodo dragon and a wraith.

Vanquished Creatures
  A two-headed ogre (D)
  A centaur warrior (D)
  A wraith (D)
  A yak (D)
  An acid dragon (D)
  An orc warrior (D)
  An ogre (D)
  A scorpion (D)
  An orc wizard (D)
  A dart slug (D)
  An orc (D)
  A bat (D)
  A hobgoblin (D)
  A ball python (D)
  A giant cockroach zombie (D)
  A kobold (D)
  A rat (D)
17 creatures vanquished.

Notes
Turn   | Place    | Note
-------+----------+-------------------------------------------
     0 | D        | cyrus the Naga Fighter began the quest for the Orb.
     0 | D        | Reached XP level 1. HP: 21/21 MP: 1/1
   379 | D        | Noticed a scorpion
   379 | D        | Noticed an ogre
   385 | D        | Reached XP level 2. HP: 30/30 MP: 2/2
   388 | D        | Killed an ogre
   389 | D        | Reached skill level 5 in Fighting
   389 | D        | Reached skill level 4 in Armour
   389 | D        | Reached XP level 3. HP: 17/39 MP: 3/3
   389 | D        | Reached XP level 4. HP: 21/46 MP: 4/4
   390 | D        | Killed a scorpion
   391 | D        | Reached skill level 5 in Polearms
   391 | D        | Reached skill level 5 in Armour
   391 | D        | Reached XP level 5. HP: 20/55 MP: 5/5
   820 | D        | Found a snail-covered altar of Cheibriados.
   820 | D        | Found a shadowy altar of Dithmenos.
   820 | D        | Found a white marble altar of Elyvilon.
   820 | D        | Found a blossoming altar of Fedhas.
   820 | D        | Found an opulent altar of Gozag.
   821 | D        | Found a hazy altar of Hepliaklqana.
   822 | D        | Found a viscous altar of Jiyva.
   823 | D        | Found an ancient bone altar of Kikubaaqudgha.
   824 | D        | Found a corrupted altar of Lugonu.
   825 | D        | Found a burning altar of Makhleb.
   826 | D        | Found a sparkling altar of Nemelex Xobeh.
   827 | D        | Found an iron altar of Okawaru.
   828 | D        | Found a stormy altar of Qazlal.
   829 | D        | Found a sacrificial altar of Ru.
   831 | D        | Became a worshipper of Hepliaklqana the Forgotten
   833 | D        | Found a shimmering blue altar of Sif Muna.
   834 | D        | Found a bloodstained altar of Trog.
   835 | D        | Found a hide-covered altar of Uskayaw.
   836 | D        | Found a radiant altar of Vehumet.
   837 | D        | Found an ornate altar of the Wu Jian Council.
   838 | D        | Found a shimmering altar of Xom.
   839 | D        | Found a basalt altar of Yredelemnul.
   840 | D        | Found a glowing silver altar of Zin.
   841 | D        | Found a glowing golden altar of the Shining One.
   892 | D        | Noticed a wraith
   892 | D        | Noticed an orc warrior
   892 | D        | Noticed an acid dragon
   892 | D        | Noticed a two-headed ogre
   892 | D        | Noticed a yak
   896 | D        | Reached skill level 1 in Dodging
   900 | D        | Killed a yak
   901 | D        | Reached skill level 1 in Long Blades
   901 | D        | Reached skill level 6 in Armour
   901 | D        | Reached XP level 6. HP: 36/63 MP: 6/6
   901 | D        | Killed a two-headed ogre
   902 | D        | Reached skill level 7 in Armour
   902 | D        | Reached skill level 5 in Shields
   902 | D        | Reached XP level 7. HP: 24/72 MP: 7/7
   906 | D        | HP: 2/72 [acid dragon (9)]
   925 | D        | Killed a wraith
   926 | D        | Reached skill level 8 in Armour
   926 | D        | Reached skill level 5 in Stealth
  1487 | D        | Noticed a komodo dragon
  1487 | D        | Noticed a red ugly thing
  1487 | D        | Noticed a wraith
  1487 | D        | Noticed a two-headed ogre
  1487 | D        | Noticed a boulder beetle
  1487 | D        | Noticed a centaur warrior
  1501 | D        | Killed a centaur warrior
  1502 | D        | Reached skill level 9 in Armour
  1502 | D        | Reached XP level 8. HP: 25/81 MP: 8/8
  1507 | D        | Slain by a boulder beetle

Illustrated notes

Levels and vault maps discovered:
D:        linesprint [early_d, line_temple, items_1, d_10, items_2, lair_1,
          lair_end, items_3, orc_1, orc_end, items_4, d_15, swamp_1, shoals_1,
          snake_1, spider_1, d_20, vaults_1, items_5, swamp_end, shoals_end,
          snake_end, spider_end, vaults_end, d_27, items_6, zot_1, zot_end,
          crypt_end, forest_end, elf_end, slime_end, tomb_end, abyss_end,
          pan_hell_end]

Skill      XL: |  1  2  3  4  5  6  7 |
---------------+----------------------+-----
Fighting       | 5 6 7 8 |  8.2
Polearms       | 4 5 6 7 8 |  8.6
Armour         | 4 5 6 7 9 |  9.4
Shields        | 3 4 5 |  5.3
Dodging        | 1 |  1.9
Long Blades    | 1 2 7 |  7.0
Stealth        | 2 3 6 |  6.7
Evocations     | |  0.5

Action                   |  1- 3 |  4- 6 |  7- 9 || total
-------------------------+-------+-------+-------++-------
Melee: Trident           |    31 |     6 |       ||    37
       Scimitar          |       |     8 |    28 ||    36
Evoke: Wand              |       |       |     1 ||     1
  Use: Potion            |     1 |     2 |     8 ||    11
       Scroll            |       |       |     2 ||     2
 Stab: Invisible         |       |     2 |     1 ||     3
Armor: Scale mail        |    10 |     1 |       ||    11
       Plate armour      |       |     4 |    24 ||    28
Dodge: Dodged            |    12 |     3 |     7 ||    22
Block: Buckler           |     3 |       |    14 ||    17

Table legend: (Time is in decaauts)
 A = Elapsed time spent in this place.
 B = Non-inter-level travel time spent in this place.
 C = Inter-level travel time spent in this place.
 D = Time resting spent in this place.
 E = Time spent auto-exploring this place.
 F = Levels seen in this place.
 G = Mean time per level.
                   A        B        C        D        E       F      G
               +--------+--------+--------+--------+--------+-----+--------+
         Total |   1571 |   1571 |      0 |   1329 |      0 |   1 | 1571.0 |
       Dungeon |   1571 |   1571 |      0 |   1329 |      0 |   1 | 1571.0 |
               +--------+--------+--------+--------+--------+-----+--------+

Top non-repeatable levels by time:
       D: 1571 daAuts
